 Dungeon Crawl Stone Soup version 0.29.0-4-gdea44cf6ec (webtiles) character file.

Game seed: 4313647320775144124

47 qw the Chopper (level 3, -1/21 HPs)
             Began as a Tengu Warper on Aug 28, 2022.
             Slain by a gnoll
             ... wielding a +0 spear
              (5 damage)
             ... on level 2 of the Dungeon.
             The game lasted 00:00:05 (1744 turns).

qw the Chopper (Tengu Warper)                       Turns: 1744, Time: 00:00:06

Health: -1/21      AC:  5    Str: 13    XL:     3   Next: 70%
Magic:  7/7        EV: 11    Int: 13    God:
Gold:   77         SH:  0    Dex: 13    Spells: 6/6 levels left

rFire   . . .      SeeInvis .   Y - +0 hand axe (drain)
rCold   . . .      Faith    .   (no shield)
rNeg    . . .      Spirit   .   g - +0 ring mail
rPois   .          Reflect  .   (helmet restricted)
rElec   .          Harm     .   (no cloak)
rCorr   .          Rampage  .   (no gloves)
Will    .....                   (boots unavailable)
Stlth   +.........              (no amulet)
HPRegen 0.07/turn               (no ring)
MPRegen 0.10/turn               (no ring)

@: no status effects
A: beak, talons 3
a: no special abilities


You were on level 2 of the Dungeon.
You visited 1 branch of the dungeon, and saw 2 of its levels.

You collected 77 gold pieces.


Innate Abilities, Weirdness & Mutations

You have a beak for a mouth.
You have claws for feet.


   Skills:
 - Level 2.0 Fighting
 + Level 4.3 Axes
 - Level 1.0 Throwing
 - Level 1.1 Armour
 - Level 2.1 Dodging
 - Level 2.0 Spellcasting
 - Level 2.4 Translocations


You had 6 spell levels left.
You didn't know any spells.
Your spell library contained the following spells:

 Spells                   Type           Power      Damage    Failure   Level
 Blink                    Tloc           14%        N/A       30%         2
 Gell's Gravitas          Tloc           7%         N/A       52%         3
 Lesser Beckoning         Tloc           7%         N/A       52%         3
 Teleport Other           Tloc           7%         N/A       52%         3
 Manifold Assault         Tloc           7%         N/A       99%         5

Inventory:

Hand Weapons
 l - a +0 whip
 Y - a +0 hand axe of draining (weapon)
Armour
 g - a +0 ring mail (worn)
Jewellery
 b - a +6 ring of dexterity
Potions
 a - a potion of heal wounds {unknown}
 c - 2 potions of curing {unknown}
 d - a potion of lignification {unknown}
 i - a potion of haste
 j - a potion of might
 k - a potion of berserk rage {unknown}

Dungeon Overview and Level Annotations

Branches:
Dungeon (2/15)

Altars:
Uskayaw


Message History

Found 4 poisoned darts.
You now have 77 gold pieces (gained 8).
A gnoll comes into view. It is wielding a +0 spear.
The gnoll shouts!
You hear a shout!
A gnoll comes into view. It is wielding a +0 spear.
You hear a shout!
You hear an angry hiss.
A gnoll comes into view. It is wielding a +0 club.
The gnoll hits you with a +0 spear. The gnoll hits you but does no damage.
You barely miss the gnoll. You hit the gnoll. You drain the gnoll.
The gnoll hits you but does no damage.
You hit the gnoll.
You kill the gnoll!
You hit the gnoll. The gnoll hits you with a +0 spear.
A gnoll comes into view. It is wielding a +0 spear.
You have reached level 3!
Your experience leads to an increase in your attributes!
Increase (S)trength, (I)ntelligence, or (D)exterity?
You feel stronger. x2
The gnoll shouts!
You hit the gnoll but do no damage. You drain the gnoll. You claw the gnoll.
The gnoll is heavily wounded.
You hit the gnoll. You drain the gnoll. The gnoll completely misses you.
The gnoll hits you but does no damage.
The gnoll hits you from afar with a +0 spear.
The gnoll hits you with a +0 club. The gnoll closely misses you.
You hit the gnoll. Your peck misses the gnoll.
The gnoll is almost dead.
You hit the gnoll. You drain the gnoll. The gnoll hits you with a +0 spear.
The gnoll hits you with a +0 club.
The gnoll hits you from afar with a +0 spear.
You hit the gnoll but do no damage. You claw the gnoll.
You kill the gnoll!
You hit the gnoll.
You kill the gnoll!
The gnoll misses you.
Your Axes skill increases to level 4!
A frilled lizard comes into view.
The gnoll hits you with a +0 spear.
You die...

..#. . .... ..
...############### ...
#..(..(.......... #..
#...............# ..
#..............#
##..#.###..............#
.......@................
.##...g))...##########..
###.####### ##. #l #. #
## #### ..... #.#..
#....


You could see a gnoll and a frilled lizard (wandering).

Vanquished Creatures
  3 gnolls (D:2)
  An endoplasm (D:1)
  A giant cockroach (D:1)
  2 goblins (D:1)
  4 hobgoblins
  2 ball pythons
  2 bats (D:1)
  4 frilled lizards
  A kobold (D:1)
20 creatures vanquished.

Notes
Turn   | Place    | Note
-------+----------+-------------------------------------------
     0 | D:1      | qw the Tengu Warper began the quest for the Orb.
     0 | D:1      | Reached XP level 1. HP: 12/12 MP: 4/4
     0 | D:1      | 0 ||| qw: Version: 0.1-a-89-g26bdef1
     0 | D:1      | 0 ||| qw: Game counter: 2540
     0 | D:1      | 0 ||| qw: Always use a shield: true
     0 | D:1      | 0 ||| qw: God list: Okawaru
     0 | D:1      | 0 ||| qw: Allow faded altars: false
     0 | D:1      | 0 ||| qw: Do Orc after D:15 true
     0 | D:1      | 0 ||| qw: Do second Lair branch before Depths: true
     0 | D:1      | 0 ||| qw: Lair rune preference: random
     0 | D:1      | 0 ||| qw: Plans: Normal
     0 | D:1      | 0 ||| PLANNING D:1-11
   476 | D:1      | Found a faded altar of an unknown god.
   609 | D:1      | 609 ||| Stepping ~*~*~tactically~*~*~ (stealth).
   720 | D:1      | Reached XP level 2. HP: 15/17 MP: 6/6
   851 | D:1      | Reached skill level 3 in Axes
  1200 | D:1      | 1200 ||| Stepping ~*~*~tactically~*~*~ (stealth).
  1204 | D:1      | 1204 ||| Stepping ~*~*~tactically~*~*~ (stealth).
  1205 | D:1      | 1205 ||| Stepping ~*~*~tactically~*~*~ (stealth).
  1499 | D:1      | 1499 ||| UPGRADING to +0 ring mail.
  1509 | D:1      | 1509 ||| DROPPING +0 leather armour.
  1510 | D:1      | 1510 ||| READING scroll labelled REZEOJ POBLY.
  1511 | D:1      | 1511 ||| READING scroll labelled TUZXEY YREDIE.
  1512 | D:1      | 1512 ||| READING scroll labelled GUMUUW RYCI.
  1513 | D:1      | 1513 ||| READING scroll labelled PEINUDIGRU.
  1514 | D:1      | 1514 ||| DRINKING 2 purple potions.
  1515 | D:1      | 1515 ||| DRINKING 2 blue potions.
  1516 | D:1      | 1516 ||| DROPPING scroll of blinking.
  1546 | D:2      | 1546 ||| STAIRDANCE
  1708 | D:2      | Found a hide-covered altar of Uskayaw.
  1741 | D:2      | Reached XP level 3. HP: 12/21 MP: 7/7
  1742 | D:2      | HP: 5/21 [gnoll/+0 club (3)]
  1744 | D:2      | Reached skill level 4 in Axes
  1744 | D:2      | Slain by a gnoll

Levels and vault maps discovered:
D:1:      evilmike_arrival_rings, layout_basic, chequers_ecumenical_altar_island
D:2:      layout_basic, basic_altar

Skill      XL: |  1  2  3 |
---------------+----------+-----
Axes           | 3 4 |  4.3
Fighting       | |  2.0
Throwing       | |  1.0
Armour         | |  1.1
Dodging        | |  2.1
Spellcasting   | |  2.0
Translocations | |  2.4

Action                   || total
-------------------------++-------
Melee: Hand axe          ||    42
       Peck              ||     4
       Kick              ||     7
Throw: Boomerang         ||     7
  Use: Scroll            ||     4
       Potion            ||     2
Armor: Leather armour    ||     3
       Ring mail         ||     7
Dodge: Dodged            ||    18

Table legend:
 A = Non-vault XP
 B = Vault XP
 C = Vault XP percentage of total XP
 D = Non-vault monster count
 E = Vault monster count
 F = Vault count percentage of total count
                 A         B        C        D         E       F
            +---------+---------+-------+---------+---------+-------
      Total |      68 |       0 |   0.0 |      20 |       0 |   0.0
            +---------+---------+-------+---------+---------+-------
        D:1 |      21 |       0 |   0.0 |      14 |       0 |   0.0
        D:2 |      47 |       0 |   0.0 |       6 |       0 |   0.0
            +---------+---------+-------+---------+---------+-------
